AoeStats
← Karamazov

Arabia

510689104Analyzed
1v1 RM · 12h ago on Oct 2, 2026· 26m 14s· 2 players
Game mode
Random Map
Map size
Tiny (2 player)
Population
200
Speed
Normal
Resources
Standard
Victory
Conquest
Starting age
Dark Age
Ending age
Imperial Age
RankedLock teamsTeams togetherTeam positionsShared explorationLock speedFull tech treeHidden civsTurbo modeCheats
Victory
Defeat
🇧🇷 Varangians · Brazil
1326
+14
🇮🇳 Franks · India
1291
-14
justkidding
6:50 Loom
9:18 Feudal Age
24:15 Castle Age
25:00 Husbandry
Karamazov
6:30 Loom
8:53 Feudal Age
9:26 Double-Bit Axe
13:21 Bloodlines
17:19 Horse Collar
21:38 Forging
24:02 Castle Age
24:04 Light Cavalry
26:07 Bow Saw
Connection lost

Rejoining the realm…

Still unreachable

The connection could not be restored.

Session expired

The server has moved on; the page needs a fresh start.